 Dungeon Crawl Stone Soup version 0.29.1-15-g9cfb28693d (webtiles) character file.

Game seed: 7417388773388337395

29 sizableburger the Firebug (level 3, -11/28 HPs)
             Began as a Naga Fire Elementalist on Mar 22, 2023.
             Mangled by Terence
             ... wielding a +2 flail of protection
              (12 damage)
             ... on level 2 of the Dungeon.
             The game lasted 00:03:02 (1158 turns).

sizableburger the Firebug (Naga Fire Elementalist)  Turns: 1158, Time: 00:03:03

Health: -11/28     AC:  2    Str: 10    XL:     3   Next: 16%
Magic:  0/6        EV:  9    Int: 17    God:
Gold:   72         SH:  5    Dex: 11    Spells: 4/7 levels left

rFire   . . .      SeeInvis +   d - +0 quarterstaff
rCold   . . .      Faith    .   (shield currently unavailable)
rNeg    . . .      Spirit   .   a - +0 robe
rPois   +          Reflect  +   (no helmet)
rElec   .          Harm     .   (no cloak)
rCorr   .          Rampage  .   (no gloves)
Will    .....                   (no barding)
Stlth   ++........              i - amulet of reflection
HPRegen 0.09/turn               (no ring)
MPRegen 0.10/turn               (no ring)

@: very slow
A: AC +1, large, see invisible, deformed body, poison resistance, slowness 2,
spit poison 1, naga tail 1
a: Spit Poison


You were on level 2 of the Dungeon.
You visited 1 branch of the dungeon, and saw 2 of its levels.

You collected 72 gold pieces.

Inventory:

Hand Weapons
 d - a +0 quarterstaff (weapon)
Armour
 a - a +0 robe (worn)
Jewellery
 i - an amulet of reflection (around neck)
Scrolls
 e - a scroll of immolation {unknown}
 f - a scroll of teleportation {unknown}
 j - a scroll of vulnerability {unknown}
Potions
 b - a potion of magic
 c - 2 potions of attraction {unknown}
 g - a potion of haste {unknown}
 h - a potion of might {unknown}


   Skills:
 - Level 1.6 Dodging
 - Level 3.2 Stealth
 + Level 2.6 Spellcasting
 - Level 1.1 Conjurations
 + Level 3.5 Fire Magic


You had 4 spell levels left.
You knew the following spells:

 Your Spells              Type           Power      Damage    Failure   Level
a - Foxfire               Conj/Fire      40%        2x1d6     7%          1
b - Scorch                Fire           28%        2d6       6%          2

Your spell library contained the following spells:

 Spells                   Type           Power      Damage    Failure   Level
 Conjure Flame            Conj/Fire      10%        6-21      21%         3
 Inner Flame              Hex/Fire       8%         N/A       26%         3
 Flame Wave               Conj/Fire      10%        2d6       56%         4


Dungeon Overview and Level Annotations

Branches:
Dungeon (2/15)

Altars:

Annotations:
D:2 Terence


Innate Abilities, Weirdness & Mutations

Your serpentine skin is tough. (AC +1)
You have supernaturally acute eyesight. (SInv)
Armour fits poorly on your strangely shaped body.
Your system is resistant to poisons. (rPois)
You cover ground very slowly.
You can spit poison.
You have a snake-like lower body.


Message History

You have got your breath back.
The foxfire hits Terence but does no damage.
Terence is lightly wounded.
The foxfire hits Terence but does no damage.
Terence is lightly wounded.
Terence closely misses you.
Unknown command.
Casting: Foxfire (safe; 7% risk of failure)
Confirm with . or Enter, or press ? or * to list all spells.
Okay, then.
You conjure some foxfire!
Terence hits you with a +2 flail of protection!
You hit Terence but do no damage.
Terence is moderately wounded.
The foxfire hits Terence but does no damage.
Terence is moderately wounded.
The foxfire hits Terence.
Terence is heavily wounded.
Terence closely misses you.
You barely miss Terence.
Terence is heavily wounded.
You block Terence's attack. Terence barely misses you.
You conjure some foxfire!
Terence closely misses you.
You hit Terence but do no damage.
Terence is heavily wounded.
The foxfire hits Terence but does no damage.
Terence is heavily wounded.
The foxfire hits Terence.
Terence is severely wounded.
You block Terence's attack.
You closely miss Terence.
Terence is severely wounded.
Terence looks more healthy.
Terence hits you with a +2 flail of protection.
You hit Terence but do no damage.
Terence is severely wounded.
Terence hits you with a +2 flail of protection!
* * * LOW HITPOINT WARNING * * *
Terence hits you with a +2 flail of protection!
You die...

### #<# .######.# ........#
##### ####....# ####...##
#....########@......########
#............@..............
#.....##.#.##.......########
#....###.#.##.......# #
#......# #.#.##.......###...
.......##
#.#.##............. .#.....
#.#)######......... >...###
#.#.# #......... .##. ..#..
.........#.


You could see Terence.

Vanquished Creatures
  An adder (D:2)
  A worm (D:1)
  An endoplasm (D:1)
  A giant cockroach (D:1)
  2 goblins
  3 kobolds (D:1)
  3 quokkas
  A ball python (D:1)
  3 rats
16 creatures vanquished.

Vanquished Creatures (others)
  57 foxfires
57 creatures vanquished.

Grand Total: 73 creatures vanquished

Notes
Turn   | Place    | Note
-------+----------+-------------------------------------------
     0 | D:1      | sizableburger the Naga Fire Elementalist began the quest
                  | for the Orb.
     0 | D:1      | Reached XP level 1. HP: 15/15 MP: 3/3
   173 | D:1      | Reached XP level 2. HP: 20/22 MP: 3/5
   758 | D:1      | Learned a level 2 spell: Scorch
  1142 | D:2      | Reached XP level 3. HP: 28/28 MP: 1/6
  1142 | D:2      | Noticed Terence
  1158 | D:2      | HP: 1/28 [Terence/+2 flail of protection (12)]
  1158 | D:2      | Mangled by Terence

Illustrated notes

Levels and vault maps discovered:
D:1:      sevenhm_arrival_forest_fort_small_4, layout_basic, corner_web_ring,
          nicolae_wormholes
D:2:      layout_basic, basic_altar, serial_shops, shop, uniq_terence,
          uniq_crazy_yiuf_cottage

Action                   || total
-------------------------++-------
Melee: Quarterstaff      ||     9
 Cast: Foxfire           ||    32
 Abil: Spit Poison       ||     3
Armor: Robe              ||     1
Dodge: Dodged            ||     8
Block: Other             ||     2
